 Dungeon Crawl Stone Soup version 0.30-a0-1066-g63dfefce0d (webtiles) character file.

Game seed: 6636976851774603320

4116 ytrimaz the Transmogrifier (level 9, -6/69 HPs)
             Began as a Demigod Transmuter on Apr 12, 2023.
             Mangled by a wyvern (19 damage)
             ... on level 8 of the Dungeon.
             The game lasted 00:12:54 (9052 turns).

ytrimaz the Transmogrifier (Demigod Transmuter)     Turns: 9052, Time: 00:12:54

Health: -6/69      AC:  2    Str: 17    XL:     9   Next: 78%
Magic:  19/21      EV: 19    Int: 33    God:
Gold:   509        SH:  0    Dex: 19    Spells: 11/20 levels left

rFire   . . .      SeeInvis .      - Unarmed
rCold   . . .      Faith    .    (shield currently unavailable)
rNeg    . . .      Spirit   .    a - melded +0 robe
rPois   x          Reflect  .    (helmet currently unavailable)
rElec   .          Rampage  .    r - melded +1 cloak
rCorr   .                        g - melded +1 pair of gloves
Will    .....                    (boots currently unavailable)
Stlth   ++                       (no amulet)
HPRegen 0.31/turn                q - +6 ring of strength
MPRegen 0.17/turn                l - +6 ring of intelligence

@: spider-form
A: venomous fangs, tiny, high MP 1, forlorn, divine attributes
a: End Transformation


You were on level 8 of the Dungeon.
You were a venomous arachnid creature.
You visited 1 branch of the dungeon, and saw 8 of its levels.

You collected 509 gold pieces.


Innate Abilities, Weirdness & Mutations

You are a venomous arachnid creature.
You have venomous fangs.
You are tiny and dextrous.
Your spellcasting is less reliable in this form.
Your armour is entirely melded.
You are incapable of wielding weapons or throwing items.
You have an increased reservoir of magic. (+10% MP)
You shall have no god before yourself.
Your divine heritage dramatically boosts your attributes as you level up.


   Skills:
 + Level 3.0 Fighting
 - Level 1.7 Dodging
 * Level 5.1 Unarmed Combat
 - Level 6.0 Spellcasting
 - Level 10.0 Transmutations
 - Level 3.0 Ice Magic
 - Level 2.0 Poison Magic


You had 11 spell levels left.
You knew the following spells:

 Your Spells              Type           Power      Damage    Failure   Level
b - Wereblood             Tmut           66%        N/A       1%          2
c - Spider Form           Tmut/Pois      49%        N/A       5%          3
d - Ice Form              Ice/Tmut       51%        N/A       11%         4

Your spell library contained the following spells:

 Spells                   Type           Power      Damage    Failure   Level
 Beastly Appendage        Tmut           100%       N/A       1%          1
 Necrotise                Necr           36%        1d5       13%         1
 Vampiric Draining        Necr           9%         2d6       30%         3
 Agony                    Necr           9%         N/A       89%         5

Inventory:

Missiles
 b - a throwing net
Armour
 a - a +0 robe (melded)
 g - a +1 pair of gloves (melded)
   (You found it on level 1 of the Dungeon)
 r - a +1 cloak (melded)
   (You found it on level 4 of the Dungeon)
Jewellery
 i - a ring of willpower
   (You found it on level 2 of the Dungeon)
 l - a +6 ring of intelligence (right front pincers)
   (You found it on level 3 of the Dungeon)
 p - a ring of positive energy
   (You found it on level 3 of the Dungeon)
 q - a +6 ring of strength (left front pincers)
   (You found it on level 4 of the Dungeon)
 A - a ring of see invisible
   (You found it on level 7 of the Dungeon)
 B - a ring of positive energy
   (You found it on level 7 of the Dungeon)
Wands
 m - a wand of flame (24) (quivered)
   (You took it off Ijyb on level 3 of the Dungeon)
Scrolls
 d - 2 scrolls of enchant weapon
 f - a scroll of vulnerability
 n - a scroll of blinking
 w - a scroll of summoning
 x - a scroll of teleportation
 y - a scroll of amnesia
Potions
 e - 2 potions of brilliance
 h - a potion of resistance
 j - 4 potions of curing
 k - a potion of attraction
 o - a potion of heal wounds
 s - a potion of mutation
 t - a potion of ambrosia {unknown}
 u - 2 potions of cancellation
 v - a potion of flight
 z - 11 potions of degeneration

Dungeon Overview and Level Annotations

Branches:
Dungeon (8/15) Zot: 26421  Temple (0/1) D:7
   Lair: D:8-11

Shops:
D:6

:
#.###.......)...##
#...#...#...o..).#
#.#.#...##†.####)#
#.[.######.## ..
#.#.# ####o# oo
######...###....#
..
#....#.#.#.o.####
#....#o..#.###
#....#s###.#
#.....ol...######
#.>....o..........
#<.......>.#######
#..........#
#..........#
#..........#
############


You could see a wyvern, an orc priest (poisoned) and 2 orcs.


Message History

Your gnoll's corpse dissolves into shadows!
Your extra speed is starting to run out.
Your gnoll dissolves into shadows!
Your gnoll is no longer moving quickly.
Your bullfrog barely misses the orc warrior.
Your gnoll hits the orc warrior from afar with a +0 spear.
Your centaur hits the orc warrior but does no damage.
Your centaur kicks the orc warrior but does no damage.
The orc priest hits your gnoll bouda with a +0 flail.
The orc warrior barely misses your centaur.
Unknown command.
Your centaur hits the orc warrior.
Your centaur kicks the orc warrior but does no damage.
Your gnoll barely misses the orc warrior. 😱 HP[+1] Unknown command.
Your bullfrog hits the orc warrior.
Your gnoll bouda barks out a call to the hunt!
Your gnoll picks up the pace!
The orc priest hits your gnoll bouda with a +0 flail.
Your gnoll bouda dies!
Your gnoll bouda's corpse dissolves into shadows!
The orc warrior hits your centaur with a +3 halberd!
Your centaur dies!
Your centaur's corpse dissolves into shadows!
Unknown command.
Unknown command.
Your bullfrog barely misses the orc warrior.
Your gnoll hits the orc warrior but does no damage.
The orc warrior closely misses your bullfrog.
You see here a bullfrog corpse.
Your bullfrog barely misses the orc warrior.
Your gnoll hits the orc warrior but does no damage.
Aiming: Throw Flame
Press: ? - help, Q - select action, (/) - cycle Shift-Dir - straight line, f/p - orc warrior
Aim: an orc warrior, wielding a +3 halberd and wearing a +0 plate armour (severely wounded, not watching you, weak, ally target, 68% to hit)
Really fire in your gnoll's direction?
Okay, then.
Unknown command.
Your bullfrog hits the orc warrior.
The orc warrior closely misses your bullfrog.
Your gnoll hits the orc warrior but does no damage.
Your gnoll dissolves into shadows!
Your bullfrog hits the orc warrior.
The orc warrior hits your bullfrog with a +3 halberd!
Your bullfrog barely misses the orc warrior. 😱 HP[+1] Unknown command.
You feel yourself slow down. Something hits your bullfrog!
Your bullfrog dies!
Your bullfrog's corpse dissolves into shadows! 😨 HP[+1]
The orc priest invokes the aid of Beogh against you.
Pain shoots through your body!
* * * LOW HITPOINT WARNING * * *
😱 HP[-6]
You take 6 damage, and now have 12/69 hp. 😱 HP[+1]
A wyvern comes into view.
The wyvern hisses angrily. 😱 HP[+1]
The wyvern bites you.
* * * LOW HITPOINT WARNING * * *
😱 HP[-4]
You take 4 damage, and now have 10/69 hp.
Unknown command.
Okay, then.
You feel much better.
The wyvern closely misses you. 😨 HP[+22]
You regained 22 hp, and now have 32/69 hp.
The wyvern barely misses you. 😨 HP[+1]
Casting: Spider Form (safe; 1% risk of failure)
Confirm with . or Enter, or press ? or * to list all spells.
You turn into a venomous arachnid creature.
Your +1 cloak melds into your body.
Your +1 pair of gloves melds into your body.
Your +0 robe melds into your body.
The orc priest misses you. The wyvern bites you!
* * * LOW HITPOINT WARNING * * *
😨 HP[-7] MP[-3]
You take 7 damage, and now have 26/69 hp.
You lost 3 mp, and now have 18/21 mp.
Unknown command.
The wyvern misses you. The wyvern bites you.
* * * LOW HITPOINT WARNING * * *
😨 HP[-1]
You take 1 damage, and now have 25/69 hp.
The orc priest attacks as you move away!
The orc priest closely misses you. The wyvern closely misses you. 😨 HP[+1]
The wyvern closely misses you. The wyvern misses you.
The wyvern attacks as you move away! The wyvern misses you.
You bite the orc priest!
The orc priest is poisoned. 😨 MP[+1]
The wyvern bites you!
* * * LOW HITPOINT WARNING * * *
The orc completely misses you. The orc priest barely misses you.
The wyvern bites you!!
You die...

Skill      XL: |  1  2  3  4  5  6  7  8  9 |
---------------+----------------------------+-----
Transmutations | 2 3 4 5 7 9 10 | 10.0
Ice Magic      | 1 2 3 |  3.0
Poison Magic   | 1 2 |  2.0
Spellcasting   | 2 4 5 6 |  6.0
Fighting       | 3 |  3.0
Unarmed Combat | 5 |  5.1
Dodging        | |  1.7

Action                     |  1- 3 |  4- 6 |  7- 9 || total
---------------------------+-------+-------+-------++-------
  Melee: Unarmed           |   100 |   168 |   348 ||   616
         Kick              |    20 |    14 |       ||    34
         Headbutt          |    10 |     9 |       ||    19
         Punch             |     1 |     1 |       ||     2
   Cast: Beastly Appendage |    17 |    20 |       ||    37
         Wereblood         |     1 |     4 |     4 ||     9
         Spider Form       |       |     9 |    11 ||    20
         Ice Form          |       |       |    28 ||    28
  Evoke: Wand              |       |       |     2 ||     2
    Use: Scroll            |     2 |     7 |    15 ||    24
         Potion            |     2 |     2 |     5 ||     9
   Stab: Distracted        |       |       |     1 ||     1
 Armour: Robe              |    15 |    31 |     1 ||    47
         Skin              |     9 |    28 |   100 ||   137
  Dodge: Dodged            |    48 |   122 |   213 ||   383

Levels and vault maps discovered:
D:1:      dpeg_arrival_morbid_curiosity, layout_basic
D:2:      minmay_wonky_spiral, layout_loops_cross, nicolae_ecumenical_oubliette,
          st_stairs_4, uniq_terence
D:3:      layout_rooms, uniq_ijyb
D:4:      minmay_opposing_rooms, layout_basic, uniq_natasha, uniq_eustachio,
          uniq_sigmund, uniq_grinder
D:5:      layout_cave_pods, mainiacjoe_overflow_six_doors_small,
          nicolae_yredelemnul_corpse_copse, grunt_temple_overflow_cloverleaf,
          uniq_menkaure, uniq_duvessa, uniq_blork_the_orc
D:6:      layout_loops_corners, mainiacjoe_overflow_surrounded_room,
          nicolae_shop_vocational
D:7:      layout_basic, minmay_temple_entry_waves, enter_bailey_7
D:8:      layout_rooms, dreamdust_divine_triumvirate, hangedman_minor_gate_pass

Notes
Turn   | Place    | Note
-------+----------+-------------------------------------------
     0 | D:1      | ytrimaz the Demigod Transmuter began the quest for the Orb.
     0 | D:1      | Reached XP level 1. HP: 15/15 MP: 5/5
     0 | D:1      | magus.rc [v1.9.6]
   111 | D:1      | Reached skill level 2 in Transmutations
   315 | D:1      | Reached XP level 2. HP: 17/22 MP: 5/7
   399 | D:1      | Reached skill level 1 in Ice Magic
   399 | D:1      | Reached skill level 1 in Poison Magic
   793 | D:2      | Learned a level 2 spell: Wereblood
   821 | D:2      | Reached XP level 3. HP: 13/27 MP: 6/8
   904 | D:2      | HP: 6/27 [worm (8)]
  1113 | D:2      | Noticed Terence
  1144 | D:2      | Killed Terence
  1145 | D:2      | Reached XP level 4. HP: 18/34 MP: 6/9
  1146 | D:2      | Reached skill level 2 in Ice Magic
  1146 | D:2      | Reached skill level 2 in Poison Magic
  1383 | D:2      | Learned a level 3 spell: Spider Form
  1494 | D:2      | Reached skill level 3 in Transmutations
  1812 | D:2      | Reached XP level 5. HP: 37/39 MP: 6/10
  2291 | D:3      | HP: 8/36 [orc/+0 hand axe (4)]
  2296 | D:3      | HP: 8/36 [orc priest/divine providence (10)]
  2431 | D:3      | Reached skill level 3 in Ice Magic
  2539 | D:3      | HP: 6/39 [orc priest/divine providence (11)]
  2541 | D:3      | Reached skill level 4 in Transmutations
  2814 | D:3      | Noticed Ijyb
  2825 | D:3      | Killed Ijyb
  2898 | D:3      | You pick up a book of Necromancy and begin reading...
  2898 | D:3      | You add the spells Necrotise, Vampiric Draining and Agony
                  | to your library.
  2927 | D:4      | Noticed Sigmund
  2936 | D:4      | Killed Sigmund
  2937 | D:4      | Reached skill level 2 in Spellcasting
  2937 | D:4      | Reached XP level 6. HP: 46/46 MP: 10/12
  2942 | D:4      | Reached skill level 5 in Transmutations
  3074 | D:4      | Noticed Eustachio
  3089 | D:4      | Killed Eustachio
  3456 | D:4      | Reached XP level 7. HP: 47/51 MP: 10/14
  3527 | D:4      | Reached skill level 3 in Spellcasting
  3567 | D:4      | Reached skill level 6 in Transmutations
  3765 | D:4      | Noticed Grinder
  3797 | D:4      | Killed Grinder
  3916 | D:4      | Noticed Natasha
  3926 | D:4      | Killed Natasha
  3983 | D:4      | Noticed Natasha
  4002 | D:4      | Killed Natasha
  4240 | D:5      | Entered Level 5 of the Dungeon
  4246 | D:5      | Learned a level 4 spell: Ice Form
  4265 | D:5      | Reached skill level 7 in Transmutations
  4374 | D:5      | Identified the +1 mace of Ygarr {flame, MP+9}
  4381 | D:5      | Noticed Dowan
  4390 | D:5      | Noticed Duvessa
  4392 | D:5      | Reached skill level 4 in Spellcasting
  4392 | D:5      | Reached XP level 8. HP: 58/58 MP: 13/17
  4413 | D:5      | Killed Duvessa
  4430 | D:5      | Killed Dowan
  4634 | D:5      | Noticed Menkaure
  4663 | D:5      | Killed Menkaure
  4791 | D:5      | Noticed Blork the orc
  4800 | D:5      | Killed Blork the orc
  4801 | D:5      | Reached skill level 8 in Transmutations
  5256 | D:5      | Reached skill level 5 in Spellcasting
  6487 | D:6      | Found Sisiuc's Vocational Training.
  6502 | D:6      | Reached skill level 9 in Transmutations
  6788 | D:6      | Reached XP level 9. HP: 30/60 MP: 17/20
  6995 | D:7      | HP: 10/63 [wight/+5 spear (10)]
  7003 | D:7      | HP: 9/62 [centaur/arrow (8)]
  7017 | D:7      | HP: 9/62 [wight/+5 spear (4)]
  7443 | D:7      | Found a staircase to the Ecumenical Temple.
  7858 | D:7      | Reached skill level 6 in Spellcasting
  7858 | D:7      | Reached skill level 10 in Transmutations
  7858 | D:7      | Reached skill level 1 in Fighting
  8078 | D:7      | Reached skill level 3 in Unarmed Combat
  8078 | D:7      | Identified the +0 ring mail of the Ageless Brambles {Dex+4}
  8521 | D:8      | Reached skill level 2 in Fighting
  8521 | D:8      | Reached skill level 4 in Unarmed Combat
  8645 | D:8      | Noticed a two-headed ogre
  8651 | D:8      | HP: 14/67 [two-headed ogre/+0 giant club (23)]
  9004 | D:8      | Killed a two-headed ogre
  9005 | D:8      | Reached skill level 3 in Fighting
  9005 | D:8      | Reached skill level 5 in Unarmed Combat
  9017 | D:8      | HP: 14/69 [orc warrior/+3 halberd (15)]
  9038 | D:8      | HP: 12/69 [orc priest/nerve-wracking pain (6)]
  9043 | D:8      | HP: 10/69 [wyvern (4)]
  9052 | D:8      | HP: 13/69 [wyvern (14)]
  9052 | D:8      | Mangled by a wyvern

Vanquished Creatures
  Grinder (D:4)
  A troll (D:7)
  Sigmund (D:4)
  A wyvern (D:8)
  Eustachio (D:4)
  A steam dragon (D:6)
  Menkaure (D:5)
  2 water moccasins
  Duvessa (D:5)
  An orc warrior (D:8)
  An ice beast (D:5)
  An ogre (D:5)
  2 centaurs
  2 phantoms
  Blork the orc (D:5)
  2 bullfrogs
  2 scorpions
  5 wights
  Dowan (D:5)
  A howler monkey (D:4)
  A bullfrog zombie (D:5)
  A centaur zombie (D:5)
  A hound (D:4)
  2 orc priests (D:3)
  A sleepcap (D:7)
  Ijyb (D:3)
  Terence (D:2)
  Natasha (twice) (D:4)
  5 iguanas
  6 orc wizards
  2 howler monkey zombies (D:5)
  7 gnolls
  8 adders
  A shadow imp (D:6)
  3 ufetubi
  An adder zombie (D:5)
  3 worms
  A dart slug (D:1)
  25 orcs
  4 endoplasms
  3 giant cockroaches
  11 goblins
  4 hobgoblins
  4 jackals (D:2)
  A quokka (D:2)
  9 ball pythons
  7 bats
  13 kobolds
  3 rats
160 creatures vanquished.

Vanquished Creatures (collateral kills)
  A two-headed ogre (D:8)
  An orc wizard (D:8)
  4 orcs (D:8)
6 creatures vanquished.

Grand Total: 166 creatures vanquished

Table legend:
 A = Non-vault XP
 B = Vault XP
 C = Vault XP percentage of total XP
 D = Non-vault monster count
 E = Vault monster count
 F = Vault count percentage of total count
                 A         B        C        D         E       F
            +---------+---------+-------+---------+---------+-------
      Total |    3194 |    2687 |  45.7 |     127 |      39 |  23.5
            +---------+---------+-------+---------+---------+-------
        D:1 |      23 |       9 |  28.1 |      13 |       5 |  27.8
        D:2 |     169 |      44 |  20.7 |      28 |       4 |  12.5
        D:3 |     143 |      36 |  20.1 |      24 |       1 |   4.0
        D:4 |     129 |     959 |  88.1 |      15 |      14 |  48.3
        D:5 |     560 |     615 |  52.3 |      10 |       9 |  47.4
        D:6 |     704 |       0 |   0.0 |      10 |       0 |   0.0
        D:7 |    1129 |      45 |   3.8 |      20 |       4 |  16.7
        D:8 |     337 |     979 |  74.4 |       7 |       2 |  22.2
            +---------+---------+-------+---------+---------+-------

Illustrated notes

Table legend:
 A = Kills in this place as a percentage of kills in the entire game.
 B = Kills by you in this place as a percentage of kills by you in the entire game.
 C = Kills by friends in this place as a percentage of kills by friends in the entire game.
 D = Other kills in this place as a percentage of other kills in the entire game.
 E = Experience gained in this place as a percentage of experience gained in the entire game.
 F = Experience gained in this place divided by the number of levels of this place that you have seen.
                   A       B       C       D       E      F
               +-------+-------+-------+-------+-------+----------------------
         Total | 100.0 | 100.0 | 100.0 |   N/A | 100.0 | 735.1
       Dungeon | 100.0 | 100.0 | 100.0 |   N/A | 100.0 | 735.1
               +-------+-------+-------+-------+-------+----------------------

Table legend: (Time is in decaauts)
 A = Elapsed time spent in this place.
 B = Non-inter-level travel time spent in this place.
 C = Inter-level travel time spent in this place.
 D = Time resting spent in this place.
 E = Time spent auto-exploring this place.
 F = Levels seen in this place.
 G = Mean time per level.
                   A        B        C        D        E       F      G
               +--------+--------+--------+--------+--------+-----+--------+
         Total |   8964 |   8736 |    228 |    954 |   6237 |   8 | 1120.5 |
       Dungeon |   8964 |   8736 |    228 |    954 |   6237 |   8 | 1120.5 |
               +--------+--------+--------+--------+--------+-----+--------+

Top non-repeatable levels by time:
     D:7: 1533 daAuts
     D:5: 1502 daAuts
     D:6: 1438 daAuts
     D:2: 1316 daAuts
     D:4: 1311 daAuts
     D:1: 838 daAuts
     D:3: 735 daAuts
     D:8: 288 daAuts
